 Dungeon Crawl Stone Soup version 0.24-a0-250-g6074511092 (webtiles) character file.

Game seed: 10557538992926569441

12725 marsu the Spear-Bearer (level 11, 0/108 HPs)
             Began as a Naga Berserker on Apr 15, 2019.
             Was a High Priest of Trog.
             Slain by a tyrant leech (22 damage)
             ... in a Gauntlet.
             The game lasted 00:24:06 (14309 turns).

marsu the Spear-Bearer (Naga Berserker)            Turns: 14309, Time: 00:24:07

Health: 0/108      AC: 21    Str: 21    XL:     11   Next: 97%
Magic:  11/11      EV: 10    Int:  7    God:    Trog [*****.]
Gold:   679        SH:  4    Dex: 18    Spells: 10/10 levels left

rFire    . . .     SeeInvis +   d - +1 trident
rCold    . . .     Gourm    .   (no shield)
rNeg     . . .     Faith    .   G - +0 chain mail
rPois    +         Spirit   .   j - +1 helmet
rElec    .         Reflect  +   b - +0 cloak
rCorr    .         Harm     .   n - +0 pair of gloves
MR       +....     NoTele   +   I - +0 naga barding
Stlth    ..........             H - +4 amulet of reflection
HPRegen  0.28/turn              (no ring)
MPRegen  0.12/turn              (no ring)

@: agile, berserk cooldown, slowed, very slow
A: large, see invisible, deformed body, poison resistance, slowness 2, slow
metabolism 1, spit poison 1, AC +3
a: Spit Poison, Berserk, Trog's Hand, Brothers in Arms, Renounce Religion


You were in a Gauntlet.
You worshipped Trog.
Trog was extremely pleased with you.
You were near starving.

You visited 2 branches of the dungeon, and saw 12 of its levels.
You also visited: Sewer and Gauntlet.

You collected 706 gold pieces.
You spent 27 gold pieces at shops.

Inventory:

Hand Weapons
 d - a +1 trident (weapon)
 o - a +0 hunting sling
 w - a +0 blowgun
 E - a +5 dagger of draining
 X - the +2 hand axe of Uncertain Death {flame, MR+ Int+4 Dex+2}
   (You took it off an orc on level 10 of the Dungeon)

   It has been specially enchanted to burn those struck by it, causing extra
   injury to most foes and up to half again as much damage against particularly
   susceptible opponents.
   Big, fiery blades are also staple armaments of hydra-hunters.
   It affects your intelligence (+4).
   It affects your dexterity (+2).
   It affects your resistance to hostile enchantments.
Missiles
 e - 59 poisoned needles
 g - 2 needles of paralysis
 K - 2 curare-tipped needles
 L - 3 needles of confusion
 N - a throwing net {=f}
 O - 7 needles of frenzy
 Q - 348 stones (quivered)
 R - 14 tomahawks
Armour
 b - a +0 cloak (worn)
 j - a +1 helmet (worn)
 n - a +0 pair of gloves (worn)
 s - +1 pearl dragon scales
 G - a +0 chain mail (worn)
 I - a +0 naga barding (worn)
Jewellery
 a - an uncursed amulet of magic regeneration {unknown}
 H - a +4 amulet of reflection (around neck)
 W - an uncursed ring of ice {rC+, rF-}
Wands
 p - a wand of flame (40)
 A - a wand of paralysis (7)
 B - a wand of acid (7)
 D - a wand of digging (5)
Scrolls
 f - 2 scrolls of fog
 i - a scroll of identify
 k - a scroll of remove curse
 t - 3 scrolls of teleportation
 y - 2 scrolls of amnesia
 C - a scroll of enchant armour
 J - a scroll of enchant weapon
 P - a scroll of summoning {unknown}
 V - a scroll of torment {unknown}
Potions
 h - 9 potions of curing
 l - 3 potions of degeneration {unknown}
 m - 7 potions of flight
 q - 5 potions of agility
 r - 4 potions of might {unknown}
 u - a potion of resistance {unknown}
 v - 2 potions of cancellation {unknown}
 x - 2 potions of mutation {unknown}
 z - 5 potions of heal wounds
 F - a potion of berserk rage {unknown}
 M - a potion of lignification {unknown}
 S - 2 potions of haste {unknown}
 T - 2 potions of magic {unknown}
Comestibles
 c - 28 rations


   Skills:
 + Level 10.0 Fighting
 * Level 13.2 Polearms
 + Level 8.1 Armour
 - Level 1.5 Dodging


You had 10 spell levels left.
You didn't know any spells.
Your spell library was empty.

Dungeon Overview and Level Annotations

Branches:
Dungeon (11/15)            Temple (0/1) D:7            Lair (1/6) D:9
    Orc (0/2) D:10

Altars:
Hepliaklqana
Nemelex Xobeh
Okawaru
Qazlal
Vehumet
Wu Jian
Zin
The Shining One

Shops:
D:10 [}**[

Annotations:
D:3 3 runed translucent doors, HAL9000's ghost, amateur MiFi
D:10 exclusion: downstairs
D:11 Nergalle Gauntlet 13 transporters, exclusion: lightning spire


Innate Abilities, Weirdness & Mutations

You cannot wear boots.
Your serpentine skin is tough. (AC +3)
You have supernaturally acute eyesight. (SInv)
Armour fits poorly on your strangely shaped body.
Your system is resistant to poisons. (rPois)
You cover ground very slowly.
You have a slow metabolism.
You can spit poison.


Message History

You closely miss the swamp worm. You block the swamp worm's attack.
The swamp worm barely misses you.
You hit the swamp worm but do no damage.
The swamp worm bites you but does no damage.
You closely miss the swamp worm.
The swamp worm bites you but does no damage.
You closely miss the swamp worm. The swamp worm bites you!
* * * LOW HITPOINT WARNING * * *
You take 15 damage, and have 21/108 hp.
You completely miss the swamp worm. The swamp worm closely misses you.
You hit the swamp worm.
The swamp worm bites you but does no damage. x2
You closely miss the swamp worm. The swamp worm misses you.
You impale the swamp worm!! The swamp worm barely misses you.
You completely miss the swamp worm.
The swamp worm bites you but does no damage.
You puncture the swamp worm!
You kill the swamp worm!
You puncture the tyrant leech! The tyrant leech bites you!!
You die...

###..##.......##..###
#....#.#.....#.#....#
#....#..#...#..#....#
#..###=..#.#...###..# ###
###..#©#©...#©...#©#..### #8#
#8#..#.#[..#.#...#.#..#8#
##########..#.#!.#†..#..#.#..####
8#..........#.#w#.†...#.#.#......
##..........#.##@......##.#......
....#########.###########.#######
....#©........#.........#........
#############.###########.#######
#..#.##..##.#.#[.#htbb..#.#.#....
###..#.##G#.#.#...#bb...#.#.#..#.
##.#..##.##.#.#...#....##.#.#.###
#P©..#..#.#.#.#?..b#©##.#.#.##..#
##.##...###.#©#©..###...#©#.#....


You could see a tyrant leech, a fire crab, a hell hound, 4 fire bats and a
golden eye.

Levels and vault maps discovered:
D:1:      scummos_arrival_hexagon, layout_basic
D:2:      layout_basic, uniq_robin
D:3:      layout_loops_ring, gammafunk_ghost_necromancy,
          okawaru_altar_gauntlet_db
D:4:      layout_cave_pools, zin_treasury, nemelex_xobeh_ov_fountains_minmay,
          tso_altar, overflow_temple_1_default, portal_sewer_entry_a
D:5:      layout_basic, first_ration, uniq_duvessa, uniq_edmund,
          uniq_crazy_yiuf_cottage
D:6:      hangedman_cross_stitches, layout_cave_pools,
          hangedman_abyss_or_decor_jellyfish_corner, minmay_misc_feat_five,
          minmay_misc_feat_enclosed, grunt_qazlal_clouds
D:7:      layout_basic, temple_fountains, minmay_three_doors
D:8:      layout_gridville, nicolae_overflow_hidden_temple, uniq_gastronok
D:9:      layout_rooms, lair_entry_dummy, hangedman_pestilent_swarm,
          hangedman_glass_teeth, minmay_misc_feat_four_crosses, st_stairs_1
D:10:     layout_roguey, david_orc_4, serial_shops, shop, shop,
          nicolae_shop_trees, kennysheep_mini, guppyfry_shop_venom
D:11:     layout_cave_pools, fedhas_altar_fruit_tree, uniq_nergalle
Lair:1:   layout_chaotic_city, gauntlet_entry_generic, serial_bayou_pond_d
Sewer:    sewer_minmay_treatment
Gauntlet: gammafunk_gauntlet_branching [nicolae_gauntlet_arena_blocks,
          gammafunk_gauntlet_arena_chambers, gammafunk_gauntlet_arena_split_x,
          nicolae_gauntlet_arena_grate_2, nicolae_gauntlet_swirl,
          nicolae_gauntlet_arena_x, gammafunk_gauntlet_arena_corners,
          gammafunk_gauntlet_arena_mazey,
          nicolae_gauntlet_exit_dead_adventurers]

Notes
Turn   | Place    | Note
-------+----------+-------------------------------------------
     0 | D:1      | marsu the Naga Berserker began the quest for the Orb.
     0 | D:1      | Reached XP level 1. HP: 21/21 MP: 1/1
     5 | D:1      | Identified a +0 club
   127 | D:1      | Reached XP level 2. HP: 27/28 MP: 2/2
   137 | D:1      | Identified a +0 short sword
   217 | D:1      | Identified a +0 dagger
   266 | D:1      | Identified a +0 dagger
   266 | D:1      | Identified a +0 short sword
   542 | D:1      | Identified a +0 flail
   546 | D:1      | Reached skill level 2 in Armour
   546 | D:1      | Reached XP level 3. HP: 34/34 MP: 3/3
   702 | D:1      | Identified a +0 club
   702 | D:1      | Identified a +0 dagger
   714 | D:1      | Reached ** piety under Trog
   828 | D:1      | Identified a +0 pair of gloves (You found it on level 1 of
                  | the Dungeon)
   859 | D:1      | Identified a +0 club
  1022 | D:2      | Identified a +0 club
  1022 | D:2      | Identified a +0 hunting sling
  1109 | D:2      | Identified a +0 whip
  1157 | D:2      | Identified a +0 scale mail (You found it on level 2 of the
                  | Dungeon)
  1184 | D:2      | Reached skill level 4 in Polearms
  1299 | D:2      | Identified a +0 club
  1303 | D:2      | Reached XP level 4. HP: 42/42 MP: 4/4
  1323 | D:2      | Identified a +0 club
  1323 | D:2      | Identified a +0 club
  1323 | D:2      | Identified a +0 ring mail
  1507 | D:2      | Identified a +0 club
  1968 | D:2      | Identified a +0 club
  1968 | D:2      | Identified a +0 club
  1969 | D:2      | Identified a +0 club
  1975 | D:2      | Identified a +0 whip
  1975 | D:2      | Identified a +0 animal skin
  1975 | D:2      | Identified a +0 helmet
  1975 | D:2      | Noticed Robin
  1975 | D:2      | Identified a +0 dagger
  1978 | D:2      | Identified a +0 dagger
  1983 | D:2      | Killed Robin
  2531 | D:3      | Identified a +0 dagger
  2531 | D:3      | Identified a +0 ring mail
  2531 | D:3      | Identified a +0 dagger
  2531 | D:3      | Identified a +0 robe
  2735 | D:3      | Identified a +0 dagger
  2737 | D:3      | Identified a +0 war axe
  2740 | D:3      | Identified a +0 club
  2927 | D:3      | Reached XP level 5. HP: 35/50 MP: 5/5
  3108 | D:3      | Identified a +0 blowgun
  3139 | D:3      | Identified a +0 club
  3168 | D:3      | Reached *** piety under Trog
  3168 | D:3      | Reached skill level 4 in Fighting
  3239 | D:3      | Identified a +0 short sword
  3250 | D:3      | Identified a +0 hand axe
  3250 | D:3      | Identified a +0 falchion
  3260 | D:3      | Reached skill level 5 in Polearms
  3279 | D:3      | Reached XP level 6. HP: 57/57 MP: 6/6
  3487 | D:3      | Found a runed translucent gate.
  3488 | D:3      | Found a runed translucent gate.
  3488 | D:3      | Found a runed translucent gate.
  3490 | D:3      | Noticed HAL9000's ghost (amateur MiFi)
  3569 | D:3      | Found an iron altar of Okawaru.
  3654 | D:3      | Identified a +0 hand axe
  3790 | D:4      | Found an ornate altar of the Wu Jian Council.
  3790 | D:4      | Found a glowing drain.
  3843 | Sewer    | Entered a sewer
  3900 | Sewer    | Reached **** piety under Trog
  3990 | Sewer    | Identified a +0 dagger
  3990 | Sewer    | Identified a +0 dagger
  4072 | Sewer    | Reached skill level 3 in Armour
  4330 | Sewer    | Identified a +0 short sword
  4330 | Sewer    | Identified a +0 dagger
  4331 | Sewer    | Identified a +0 short sword
  4578 | Sewer    | Identified a +0 short sword
  4578 | Sewer    | Identified a +0 whip
  4578 | Sewer    | Identified a +0 whip
  4578 | Sewer    | Identified a +0 whip
  4595 | Sewer    | Reached skill level 6 in Polearms
  4595 | Sewer    | Reached XP level 7. HP: 66/66 MP: 7/7
  4757 | Sewer    | Identified a +0 trident (You found it in a sewer)
  5212 | D:4      | Identified a +0 giant spiked club
  5417 | D:4      | Found a sparkling altar of Nemelex Xobeh.
  5432 | D:4      | Reached skill level 5 in Fighting
  5492 | D:4      | Identified a +0 giant club
  5603 | D:4      | Reached XP level 8. HP: 72/74 MP: 8/8
  5731 | D:4      | Found a glowing silver altar of Zin.
  5793 | D:4      | Found a glowing golden altar of the Shining One.
  5818 | D:5      | Entered Level 5 of the Dungeon
  5827 | D:5      | Reached skill level 7 in Polearms
  5832 | D:5      | Identified 2 scrolls of magic mapping
  5833 | D:5      | Identified a scroll of identify
  5833 | D:5      | Identified 6 potions of curing
  5868 | D:5      | Reached skill level 4 in Armour
  6080 | D:5      | Identified a +0 dagger
  6080 | D:5      | Identified a +0 robe
  6081 | D:5      | Identified a cursed -3 club
  6081 | D:5      | Identified a +0 whip
  6126 | D:5      | Identified a +3 short sword of speed
  6126 | D:5      | Identified a +0 leather armour
  6126 | D:5      | Noticed Duvessa
  6126 | D:5      | Identified a +3 flail of protection
  6126 | D:5      | Identified a +0 chain mail
  6126 | D:5      | Noticed Edmund
  6129 | D:5      | Identified a +5 dagger of draining
  6129 | D:5      | Identified a +0 robe
  6129 | D:5      | Noticed Dowan
  6446 | D:5      | HP: 19/76 [Duvessa/+3 short sword of speed (10)]
  6450 | D:5      | Killed Duvessa
  6737 | D:5      | Killed Dowan
  6887 | D:5      | Killed Edmund
  6887 | D:5      | Reached skill level 6 in Fighting
  6887 | D:5      | Reached skill level 8 in Polearms
  7073 | D:5      | Found a runed translucent door.
  7074 | D:5      | Identified a +3 quarterstaff of chaos
  7074 | D:5      | Identified a +0 cloak
  7074 | D:5      | Noticed Crazy Yiuf
  7258 | D:5      | Killed Crazy Yiuf
  7376 | D:6      | Identified a +0 giant club
  7384 | D:6      | Reached XP level 9. HP: 74/82 MP: 9/9
  7388 | D:6      | Identified a +0 dagger
  7388 | D:6      | Identified a +0 robe
  7403 | D:6      | Reached skill level 5 in Armour
  7461 | D:6      | Reached ***** piety under Trog
  7507 | D:6      | Found a stormy altar of Qazlal.
  7637 | D:6      | Identified a +0 giant spiked club
  7644 | D:6      | Reached skill level 9 in Polearms
  7710 | D:6      | Identified a +0 dire flail
  7710 | D:6      | Identified a +0 chain mail
  7790 | D:6      | Identified a +3 scimitar
  7790 | D:6      | Identified a +0 plate armour
  7870 | D:6      | Identified a +0 ring mail
  7871 | D:6      | Identified a +0 leather armour
  7873 | D:6      | Identified a +0 short sword of venom
  7878 | D:6      | Identified a +0 dagger
  7878 | D:6      | Identified a +0 chain mail
  7910 | D:6      | Identified a +0 giant club
  7927 | D:6      | Reached skill level 7 in Fighting
  8460 | D:7      | Identified a scroll of blinking
  8461 | D:7      | Identified a scroll of fear
  8462 | D:7      | Identified a scroll of fog
  8463 | D:7      | Identified 2 scrolls of remove curse
  8464 | D:7      | Identified a scroll of teleportation
  8485 | D:7      | Found a staircase to the Ecumenical Temple.
  8706 | D:7      | Noticed a wolf spider
  8709 | D:7      | Identified a +0 giant club
  8715 | D:7      | Killed a wolf spider
  8876 | D:7      | Identified a +0 great sword
  8876 | D:7      | Identified a +0 robe
  8937 | D:7      | Reached skill level 10 in Polearms
  9063 | D:7      | Identified a +2 mace of venom
  9063 | D:7      | Identified a +0 robe
  9063 | D:7      | Identified a +2 flail
  9063 | D:7      | Identified a +0 robe
  9063 | D:7      | Identified a +5 hand axe
  9063 | D:7      | Identified a +0 robe
  9064 | D:7      | Identified a cursed +3 trident
  9064 | D:7      | Identified a +0 robe
  9079 | D:7      | Reached XP level 10. HP: 94/94 MP: 10/10
  9356 | D:7      | Identified a +0 club
  9356 | D:7      | Identified a +0 ring mail
  9357 | D:7      | Identified a +0 leather armour
  9358 | D:7      | Identified a +0 dagger
  9358 | D:7      | Identified a +0 robe
  9360 | D:7      | Identified a +0 dagger
  9362 | D:7      | Identified a +0 dagger
  9675 | D:8      | Identified a cursed +0 falchion
  9675 | D:8      | Identified a cursed +0 robe
  9675 | D:8      | Identified a +6 flail
  9675 | D:8      | Identified a +0 robe
  9675 | D:8      | Identified a cursed -2 falchion
  9675 | D:8      | Identified a +0 robe
  9681 | D:7      | Reached skill level 6 in Armour
  9822 | D:8      | Identified a +0 hand axe
  9878 | D:8      | Identified a +0 naga barding (You found it on level 8 of
                  | the Dungeon)
  9884 | D:8      | Identified a +0 club
  9885 | D:8      | Identified a +0 dagger
  9885 | D:8      | Identified a +0 robe
  9885 | D:8      | Identified a +0 flail
  9886 | D:8      | Identified a +0 leather armour
  9914 | D:8      | Identified a +1 hat
  9914 | D:8      | Noticed Gastronok
 10106 | D:8      | Killed Gastronok
 10106 | D:8      | Reached skill level 8 in Fighting
 10106 | D:8      | Reached skill level 11 in Polearms
 10294 | D:8      | Found a hazy altar of Hepliaklqana.
 10318 | D:8      | Found a radiant altar of Vehumet.
 10344 | D:8      | Identified a +0 dagger
 10344 | D:8      | Identified a +0 robe
 10344 | D:8      | Identified a +0 whip
 10344 | D:8      | Identified a +0 ring mail
 10344 | D:8      | Identified a +0 club
 10344 | D:8      | Identified a +0 mace
 10344 | D:8      | Identified a +0 leather armour
 10508 | D:9      | Identified a +0 giant spiked club
 10508 | D:9      | Identified a +0 giant spiked club
 10508 | D:9      | Noticed a two-headed ogre
 10516 | D:9      | Killed a two-headed ogre
 10873 | D:9      | Reached skill level 7 in Armour
 10873 | D:9      | Reached XP level 11. HP: 104/104 MP: 11/11
 10926 | D:9      | Found a staircase to the Lair.
 11007 | D:9      | Identified 7 potions of flight
 11008 | D:9      | Identified 6 potions of agility
 11009 | D:9      | Identified an amulet of reflection (You found it on level 5
                  | of the Dungeon)
 11011 | D:9      | Identified a ring of protection (You found it on level 6 of
                  | the Dungeon)
 11015 | D:9      | Identified 5 potions of heal wounds
 11016 | D:9      | Identified 2 scrolls of amnesia
 11017 | D:9      | Identified 2 scrolls of enchant armour
 11018 | D:9      | Identified a scroll of immolation
 11019 | D:9      | Identified a scroll of enchant weapon
 11062 | D:9      | Identified a +0 giant club
 11062 | D:9      | Identified a +0 giant spiked club
 11062 | D:9      | Noticed a two-headed ogre
 11078 | D:9      | Killed a two-headed ogre
 11078 | D:9      | Received a gift from Trog
 11078 | D:9      | Reached skill level 9 in Fighting
 11078 | D:9      | Reached skill level 12 in Polearms
 11086 | D:9      | Identified a +0 troll leather armour
 11269 | D:10     | Entered Level 10 of the Dungeon
 11270 | D:10     | Found Luphuenk's Antique Armour Shop.
 11282 | D:10     | Identified a +0 dagger
 11282 | D:10     | Identified a +0 robe
 11285 | D:10     | Identified a cursed -2 dagger
 11285 | D:10     | Identified a +0 robe
 11458 | D:10     | Identified a +0 mace
 11458 | D:10     | Identified a +0 leather armour
 11473 | D:10     | Identified a +0 whip
 11510 | D:10     | Found Qurrahiy's Gadget Shop.
 12056 | D:10     | Found Uxtigedo's Assorted Antiques.
 12070 | D:10     | Bought a viscous coppery potion for 27 gold pieces
 12161 | D:10     | Found Duthu's Antique Armour Emporium.
 12164 | D:10     | Identified a +0 flail
 12317 | D:10     | Identified a +0 shortbow
 12347 | D:10     | Identified a +0 shortbow
 12374 | D:10     | Identified a +0 falchion
 12374 | D:10     | Identified a +0 ring mail
 12374 | D:10     | Identified a +0 mace
 12374 | D:10     | Identified a cursed -2 short sword
 12429 | D:10     | Identified a +0 spear
 12429 | D:10     | Identified a +0 whip
 12429 | D:10     | Identified a cursed -1 flail
 12429 | D:10     | Identified a +0 trident
 12429 | D:10     | Identified a +0 ring mail
 12430 | D:10     | Identified a cursed -2 club
 12477 | D:10     | Found Luygoxzi's Serpentskin Sales.
 12747 | D:10     | Identified a +5 dire flail
 12747 | D:10     | Identified a +0 chain mail
 12747 | D:10     | Identified a +0 club
 12747 | D:10     | Identified a cursed -3 dagger
 12747 | D:10     | Identified a cursed +0 robe
 12758 | D:10     | Identified a +0 club
 12765 | D:10     | Identified a +0 hand axe
 12790 | D:10     | Identified a +0 leather armour
 12797 | D:10     | Identified a +2 dagger of venom
 12797 | D:10     | Identified a +0 robe
 12879 | D:10     | Identified a +0 dagger
 12879 | D:10     | Identified a +0 robe
 12879 | D:10     | Identified a +0 hand axe
 12879 | D:10     | Identified a +2 chain mail of magic resistance
 12880 | D:10     | Identified a +0 flail
 12880 | D:10     | Identified a +0 plate armour
 12880 | D:10     | Identified an uncursed ring of ice
 12885 | D:10     | Identified a +0 hand axe
 12885 | D:10     | Identified a +0 chain mail
 12888 | D:10     | Identified a +0 dagger
 12888 | D:10     | Identified a +0 robe
 12945 | D:10     | Identified the +2 hand axe of Uncertain Death {flame, MR+
                  | Int+4 Dex+2}
 12947 | D:10     | Identified a +0 hand axe
 12947 | D:10     | Identified a +0 chain mail
 12947 | D:10     | Identified a +0 flail
 12947 | D:10     | Identified a +0 chain mail
 12948 | D:10     | Identified a cursed +0 dagger
 12948 | D:10     | Identified a +0 robe
 12948 | D:10     | Identified a +0 whip
 12948 | D:10     | Identified a +0 scale mail
 12951 | D:10     | Identified a +0 club
 13002 | D:10     | Found a staircase to the Orcish Mines.
 13077 | D:11     | Identified a +0 dagger
 13077 | D:11     | Identified a +0 robe
 13077 | D:11     | Noticed Nergalle
 13077 | D:11     | Noticed a cyan ugly thing
 13108 | Lair:1   | Entered Level 1 of the Lair of Beasts
 13315 | Lair:1   | Found a gate leading to a gauntlet.
 13441 | Gauntlet | Entered a Gauntlet
 13441 | Gauntlet | Found a transporter.
 13441 | Gauntlet | Found a transporter.
 13445 | Gauntlet | Found a transporter.
 13449 | Gauntlet | Found a transporter.
 13462 | Gauntlet | Noticed a fire crab
 13464 | Gauntlet | Found a transporter.
 13467 | Gauntlet | Found a transporter.
 13471 | Gauntlet | Noticed a sea snake
 13472 | Gauntlet | Found a transporter.
 13472 | Gauntlet | Found a transporter.
 13477 | Gauntlet | Found a transporter.
 13477 | Gauntlet | Noticed a glowing orange brain
 13489 | Gauntlet | Noticed an unseen horror
 13489 | Gauntlet | Noticed a faun
 13489 | Gauntlet | a slime creature changed into a faun
 13489 | Gauntlet | Noticed a sea snake
 13489 | Gauntlet | a faun changed into a sea snake
 13494 | Gauntlet | a sea snake changed into a torpor snail
 13499 | Gauntlet | Noticed a glowing shapeshifter
 13499 | Gauntlet | a torpor snail changed into a glowing shapeshifter
 13499 | Gauntlet | a glowing shapeshifter changed into a slime creature
 13500 | Gauntlet | an unseen horror changed into a black mamba
 13502 | Gauntlet | Noticed an ice dragon
 13502 | Gauntlet | a slime creature changed into an ice dragon
 13503 | Gauntlet | Noticed an entropy weaver
 13503 | Gauntlet | an ice dragon changed into an entropy weaver
 13504 | Gauntlet | Noticed a spark wasp
 13504 | Gauntlet | an entropy weaver changed into a spark wasp
 13507 | Gauntlet | Noticed an alligator
 13507 | Gauntlet | a spark wasp changed into an alligator
 13509 | Gauntlet | Noticed a queen ant
 13509 | Gauntlet | an alligator changed into a queen ant
 13510 | Gauntlet | Noticed an emperor scorpion
 13510 | Gauntlet | a queen ant changed into an emperor scorpion
 13511 | Gauntlet | Noticed a dire elephant
 13511 | Gauntlet | an emperor scorpion changed into a dire elephant
 13517 | Gauntlet | Found a transporter.
 13517 | Gauntlet | Noticed a fire giant
 13517 | Gauntlet | a dire elephant changed into a fire giant
 13530 | Gauntlet | Noticed a shadow dragon
 13530 | Gauntlet | a fire giant changed into a shadow dragon
 13532 | Gauntlet | Noticed an alligator snapping turtle
 13532 | Gauntlet | a shadow dragon changed into an alligator snapping turtle
 13545 | Gauntlet | Found a transporter.
 13569 | Gauntlet | Found a transporter.
 13572 | Gauntlet | Noticed a queen ant
 13582 | Gauntlet | Found a transporter.
 13598 | Gauntlet | Found a transporter.
 13625 | Gauntlet | Noticed an unseen horror
 13698 | Gauntlet | Found a transporter.
 13700 | Gauntlet | Noticed a green ugly thing
 13702 | Gauntlet | Noticed a purple ugly thing
 13720 | Gauntlet | Found a transporter.
 13839 | Gauntlet | Noticed an orb spider
 13839 | Gauntlet | a basilisk changed into an orb spider
 13839 | Gauntlet | Noticed a sea snake
 13840 | Gauntlet | Noticed a wolf spider
 13840 | Gauntlet | a sea snake changed into a wolf spider
 13884 | Gauntlet | Killed a queen ant
 13884 | Gauntlet | Reached skill level 13 in Polearms
 13884 | Gauntlet | Reached skill level 8 in Armour
 13917 | Gauntlet | HP: 24/108 [soldier ant (9)]
 13923 | Gauntlet | HP: 24/108 [poisoned by a soldier ant]
 13930 | Gauntlet | HP: 23/108 [poisoned by a soldier ant]
 14266 | Gauntlet | Identified a cursed +0 giant spiked club
 14283 | Gauntlet | Reached skill level 10 in Fighting
 14292 | Gauntlet | HP: 25/108 [swamp worm (3)]
 14302 | Gauntlet | HP: 21/108 [swamp worm (16)]
 14309 | Gauntlet | Slain by a tyrant leech

Table legend:
 A = Turns spent in this place as a percentage of turns spent in the entire game.
 B = Non-inter-level travel turns spent in this place as a percentage of non-inter-level travel turns spent in the entire game.
 C = Inter-level travel turns spent in this place as a percentage of turns spent in this place.
 D = Turns resting spent in this place as a percentage of non-inter-level travel turns spent in this place.
 E = Turns spent auto-exploring this place as a percentage of non-inter-level travel turns spent in this place.
 F = Non-inter-level travel turns spent in this place divided by the number of levels of this place that you've seen.
                   A       B       C       D       E      F
               +-------+-------+-------+-------+-------+----------------------
         Total | 100.0 | 100.0 |   4.2 |  31.2 |  43.2 | 979.0
       Dungeon |  84.6 |  84.0 |   5.0 |  29.4 |  46.4 | 1046.3
          Lair |   2.3 |   2.4 |   0.3 |  71.7 |   0.0 | 332.0
         Sewer |   7.0 |   7.3 |   0.0 |  34.2 |  28.7 | 997.0
      Gauntlet |   6.1 |   6.3 |   0.0 |  35.8 |  34.1 | 868.0
               +-------+-------+-------+-------+-------+----------------------

Table legend:
 A = Kills in this place as a percentage of kills in entire the game.
 B = Kills by you in this place as a percentage of kills by you in the entire game.
 C = Kills by friends in this place as a percentage of kills by friends in the entire game.
 D = Other kills in this place as a percentage of other kills in the entire game.
 E = Experience gained in this place as a percentage of experience gained in the entire game.
 F = Experience gained in this place divided by the number of levels of this place that you have seen.
                   A       B       C       D       E      F
               +-------+-------+-------+-------+-------+----------------------
         Total | 100.0 | 100.0 |   N/A |   N/A | 100.0 | 1298.5
       Dungeon |  80.5 |  80.5 |   N/A |   N/A |  80.8 | 1335.3
          Lair |   1.5 |   1.5 |   N/A |   N/A |   4.7 | 851.0
         Sewer |  14.9 |  14.9 |   N/A |   N/A |   1.8 | 319.0
      Gauntlet |   3.1 |   3.1 |   N/A |   N/A |  12.8 | 2321.0
               +-------+-------+-------+-------+-------+----------------------

Skill      XL: |  1  2  3  4  5  6  7  8  9 10 11 |
---------------+----------------------------------+-----
Armour         | 2 3 4 5 7 8 |  8.1
Polearms       | 4 5 6 8 10 11 13 | 13.2
Fighting       | 4 5 6 7 8 10 | 10.0
Dodging        | |  1.5

Action                   |  1- 3 |  4- 6 |  7- 9 | 10-12 || total
-------------------------+-------+-------+-------+-------++-------
Melee: Spear             |    99 |   529 |     2 |       ||   630
       Trident           |       |       |   398 |   641 ||  1039
Invok: Berserk           |     2 |     6 |    10 |    13 ||    31
       Brothers in Arms  |       |       |     1 |     1 ||     2
       Trog's Hand       |       |       |       |     3 ||     3
 Abil: Spit Poison       |       |     2 |     1 |       ||     3
Evoke: Wand              |       |       |     1 |       ||     1
  Use: Scroll            |       |       |     7 |    10 ||    17
       Potion            |       |       |       |     2 ||     2
  Eat: Chunk             |     2 |    14 |    16 |    19 ||    51
       Ration            |       |       |     2 |     2 ||     4
Armor: Animal skin       |     8 |       |       |       ||     8
       Scale mail        |     4 |   187 |    82 |       ||   273
       Chain mail        |       |       |   101 |   344 ||   445
Dodge: Dodged            |    36 |   174 |   113 |    89 ||   412
Block: Other             |       |       |       |    35 ||    35
       Reflection        |       |       |       |     2 ||     2

Vanquished Creatures
  Gastronok (D:8)
  2 two-headed ogres (D:9)
  A queen ant (Gauntlet)
  A wolf spider (D:7)
  A gargoyle (D:10)
  2 komodo dragons
  2 trolls (D:9)
  2 hippogriffs
  A wraith (D:10)
  3 yaks (D:10)
  A steam dragon (D:10)
  4 swamp worms (Gauntlet)
  Edmund (D:5)
  7 soldier ants
  A water moccasin (D:9)
  A porcupine (Lair:1)
  Duvessa (D:5)
  6 orc warriors
  3 phantoms
  4 sky beasts
  A black bear (D:6)
  5 ogres
  3 wolves (Lair:1)
  2 centaurs (D:10)
  2 big kobolds (Sewer)
  A bullfrog (D:6)
  A gnoll sergeant (D:10)
  Dowan (D:5)
  6 scorpions
  8 wights
  6 killer bees (D:10)
  2 jellies
  2 howler monkeys (D:6)
  3 crimson imps
  A bullfrog zombie (D:8)
  A centaur zombie (D:6)
  3 hounds
  A centaur skeleton (D:8)
  Crazy Yiuf (D:5)
  2 bullfrog skeletons (D:5)
  9 orc priests
  13 orc wizards
  3 iguanas
  8 worker ants
  A hound skeleton (D:6)
  Robin (D:2)
  A howler monkey skeleton (D:5)
  8 gnolls
  10 adders
  3 river rats
  An adder zombie (D:6)
  4 worms
  4 dart slugs
  4 leopard geckos
  34 orcs
  11 ball pythons
  6 bats
  7 giant cockroaches
  15 goblins
  15 hobgoblins
  7 jackals
  2 quokkas
  5 frilled lizards
  A giant cockroach zombie (D:6)
  21 kobolds
  A quokka zombie (D:8)
  31 rats
323 creatures vanquished.

Vanquished Creatures (others)
  An orc (D:6)
  2 fungi (Lair:1)
  4 plants (Gauntlet)
7 creatures vanquished.

Grand Total: 330 creatures vanquished
